 Dungeon Crawl Stone Soup version 0.21-a0-538-gd16b88a (webtiles) character file.

74 Bluekicks the Conjurer (level 4, -2/24 HPs)
             Began as a Deep Elf Conjurer on Dec 16, 2017.
             Shot with an arrow by a centaur (14 damage)
             ... on level 2 of the Dungeon.
             The game lasted 00:16:35 (968 turns).

Bluekicks the Conjurer (Deep Elf Conjurer)           Turns: 968, Time: 00:16:37

Health: -2/24      AC:  2    Str:  5    XL:     4   Next: 10%
Magic:  4/12       EV: 13    Int: 21    God:
Gold:   43         SH:  0    Dex: 15    Spells: 1/11 levels left

rFire    . . .     SeeInvis .   e - +1 dagger (venom)
rCold    . . .     Gourm    .   (no shield)
rNeg     . . .     Faith    .   a - +0 robe
rPois    +         Spirit   .   (no helmet)
rElec    .         Reflect  .   (no cloak)
rCorr    .         Harm     .   (no gloves)
MR       .....                  (no boots)
Stlth    ++........             (no amulet)
HPRegen  0.08/turn              k - ring of poison resistance
MPRegen  0.13/turn              (no ring)

@: no status effects
A: no striking features
a: no special abilities


You were on level 2 of the Dungeon.
You were hungry.

You visited 1 branch of the dungeon, and saw 2 of its levels.

You collected 43 gold pieces.

Inventory:

Hand Weapons
 e - a +1 dagger of venom (weapon)
 f - a +0 dagger
Missiles
 i - 14 arrows
Armour
 a - a +0 robe (worn)
Jewellery
 k - a ring of poison resistance (left hand)
Scrolls
 g - a scroll of immolation {unknown}
 h - a scroll of remove curse
 j - a scroll of identify
Potions
 d - 2 potions of agility {unknown}
 m - 3 potions of flight
 n - a potion of brilliance {unknown}
 o - a potion of mutation {unknown}
 q - 2 potions of curing {unknown}
Books
 b - a book of Conjurations

   Spells                             Type                      Level
   a - Magic Dart                     Conjuration                  1
   b - Searing Ray                    Conjuration                  2
   c - Dazzling Spray                 Conjuration/Hexes            3
   d - Fulminant Prism                Conjuration/Hexes            4
   e - Force Lance                    Conjuration/Translocation    4
   f - Iskenderun's Mystic Blast      Conjuration                  4
Comestibles
 c - 2 bread rations
 l - 2 fruits
 p - a royal jelly


   Skills:
 + Level 0.0 Fighting
 + Level 3.0 Dodging
 + Level 3.1 Stealth
 * Level 4.4 Spellcasting
 + Level 5.0 Conjurations


You had one spell level left.
You knew the following spells:

 Your Spells              Type           Power        Failure   Level  Hunger
a - Magic Dart            Conj           ####         1%          1    None
b - Searing Ray           Conj           ####..       2%          2    #......
c - Dazzling Spray        Conj/Hex       ###...       12%         3    ##.....
d - Iskenderun's Mystic   Conj           ####....     14%         4    ####...


Dungeon Overview and Level Annotations

Branches:
Dungeon (2/15)

Altars:


Message History

The orb of energy hits the centaur.
The centaur is moderately wounded.
The centaur shouts!
The orb of energy explodes!
The goblin shouts!
You hear a shout!
The centaur wields a shortbow.
The centaur shoots an arrow.
The arrow hits you!
Ouch! That really hurt!
Casting: Iskenderun's Mystic Blast
Confirm with . or Enter, or press ? or * to list all spells.
Aiming: Iskenderun's Mystic Blast
Press: ? - help, Shift-Dir - straight line, f/p - centaur
Aim: a centaur, wielding a shortbow (moderately wounded)
The orb of energy hits the centaur.
The centaur is almost dead.
The orb of energy explodes!
The mystic blast hits the goblin.
You kill the goblin!
You are feeling hungry.
The centaur shoots an arrow.
The arrow hits you!
Ouch! That really hurt!
You die...

####### .......
..######################
................@..c....
....................)..#
†.###...................
.............#.......#.#
..###.######.#.###.#.# #
.....>.....#.#.# .#.#
...........#.#.# .# #
........#..#[#.# .#
...........#.#.#


You could see a centaur.

Vanquished Creatures
  Jessica (D:2)
  An adder (D:2)
  A worm (D:2)
  3 leopard geckos
  3 giant cockroaches (D:1)
  4 goblins
  4 hobgoblins
  2 jackals (D:1)
  2 kobolds
  A ball python (D:1)
  4 bats
  2 frilled lizards (D:1)
  4 rats (D:1)
32 creatures vanquished.

Notes
Turn   | Place    | Note
-------+----------+-------------------------------------------
     0 | D:1      | Bluekicks the Deep Elf Conjurer began the quest for the Orb.
     0 | D:1      | Reached XP level 1. HP: 10/10 MP: 6/6
   155 | D:1      | Reached XP level 2. HP: 14/15 MP: 1/8
   455 | D:1      | Learned a level 2 spell: Searing Ray
   683 | D:2      | Reached XP level 3. HP: 19/19 MP: 5/10
   767 | D:2      | Noticed Jessica
   770 | D:2      | Killed Jessica
   770 | D:2      | Reached skill level 5 in Conjurations
   836 | D:2      | Reached XP level 4. HP: 24/24 MP: 4/12
   864 | D:2      | Learned a level 3 spell: Dazzling Spray
   869 | D:2      | Learned a level 4 spell: Iskenderun's Mystic Blast
   962 | D:2      | Noticed a centaur
   968 | D:2      | Shot with an arrow by a centaur

Vault maps used:
D:1:      grunt_arrival_lava_bath, glass_columns_b
D:2:      gammafunk_temple_overflow_elements, uniq_jessica

Skill      XL: |  1  2  3 |
---------------+----------+-----
Stealth        | 3 |  3.1
Spellcasting   | 4 |  4.4
Conjurations   | 5 |  5.0
Dodging        | 3 |  3.0

Action                   |  1- 3 |  4- 6 || total
-------------------------+-------+-------++-------
Melee: Dagger            |     7 |       ||     7
 Cast: Magic Dart        |    47 |     1 ||    48
       Searing Ray       |     2 |     1 ||     3
       Iskenderun's Myst |       |     3 ||     3
  Use: Scroll            |     2 |       ||     2
Armor: Robe              |     1 |       ||     1
Dodge: Dodged            |    14 |       ||    14

Table legend:
 A = Spawn XP
 B = Non-spawn XP
 C = Spawn XP percentage of total XP
 D = Spawn monster count
 E = Non-spawn monster count
 F = Spawn count percentage of total count
 G = Total turns spent on level
                    A         B        C        D         E        F      G
               +---------+---------+-------+---------+---------+-------+---------
         Total |       0 |     107 |   0.0 |       0 |      32 |   0.0 |   968
               +---------+---------+-------+---------+---------+-------+---------
           D:1 |       0 |      35 |   0.0 |       0 |      21 |   0.0 |   672
           D:2 |       0 |      72 |   0.0 |       0 |      11 |   0.0 |   296
               +---------+---------+-------+---------+---------+-------+---------
